 Dungeon Crawl Stone Soup version 0.22-a0-429-g97ce8ef (webtiles) character file.

203 sscrono2 the Sneak (level 5, -12/37 HPs)
             Began as an Octopode Assassin on May 26, 2018.
             Mangled by dreadwin's ghost (17 damage)
             ... on level 3 of the Dungeon.
             The game lasted 00:02:28 (1759 turns).

sscrono2 the Sneak (Octopode Assassin)              Turns: 1759, Time: 00:02:28

Health: -12/37     AC:  1    Str: 10    XL:     5   Next: 81%
Magic:  5/5        EV: 13    Int: 15    God:
Gold:   179        SH:  0    Dex: 13    Spells: 4/4 levels left

rFire    . . .     SeeInvis .   a - +2 dagger
rCold    . . .     Gourm    .   (no shield)
rNeg     . . .     Faith    .   (helmet restricted)
rPois    .         Spirit   .   (no amulet)
rElec    .         Reflect  .   (no ring)
rCorr    .         Harm     .   (no ring)
MR       .....                  (no ring)
Stlth    ++++......             (no ring)
HPRegen  0.12/turn              (no ring)
MPRegen  0.09/turn              (no ring)
                                (no ring)
                                (no ring)

@: no status effects
A: almost no armour, stealthy swim, amphibious, 8 rings, constrict 8, camouflage
1, gelatinous body 1
a: no special abilities


You were on level 3 of the Dungeon.
You were not hungry.

You visited 1 branch of the dungeon, and saw 3 of its levels.

You collected 179 gold pieces.

Inventory:

Hand Weapons
 a - a +2 dagger (weapon)
 b - a +0 blowgun
Missiles
 c - 61 poisoned needles
 d - 9 curare-tipped needles
 t - a throwing net (quivered)
Jewellery
 o - a +4 ring of dexterity {unknown}
 r - an uncursed amulet of harm {unknown}
Scrolls
 h - 4 scrolls of identify {unknown}
 i - 2 scrolls of amnesia {unknown}
 k - 4 scrolls of teleportation {unknown}
 l - 2 scrolls of enchant weapon {unknown}
 v - a scroll of random uselessness {unknown}
Potions
 e - a potion of curing {unknown}
 j - a potion of mutation {unknown}
 m - 2 potions of degeneration {unknown}
 n - 2 potions of might {unknown}
 p - 2 potions of berserk rage {unknown}
 q - a potion of ambrosia {unknown}
 s - a potion of flight {unknown}
Comestibles
 f - 5 rations


   Skills:
 + Level 3.6 Fighting
 + Level 3.7 Short Blades
 - Level 2.0 Throwing
 - Level 1.0 Dodging
 + Level 7.0 Stealth


You had 4 spell levels left.
You didn't know any spells.
Your spell library was empty.

Dungeon Overview and Level Annotations

Branches:
Dungeon (3/15)

Altars:

Annotations:
D:3 dreadwin's ghost, amateur FoFi


Innate Abilities, Weirdness & Mutations

You cannot wear most types of armour.
You are very stealthy in the water. (Stealth+)
You are amphibious.
You can wear up to eight rings at the same time.
You can use your tentacles to constrict eight enemies at once.
Your skin changes colour to match your surroundings (Stealth+).
Your rubbery body absorbs attacks. (AC +1, EV +1)


Message History

Dreadwin's ghost is almost destroyed.
The now-empty wand crumbles to dust.
Dreadwin's ghost barely misses you.
You hit dreadwin's ghost but do no damage.
Dreadwin's ghost is almost destroyed.
You closely miss dreadwin's ghost.
Dreadwin's ghost is almost destroyed.
Dreadwin's ghost hits you.
You hit dreadwin's ghost but do no damage.
Your squeeze misses dreadwin's ghost.
Dreadwin's ghost is almost destroyed.
Dreadwin's ghost hits you.
You hit dreadwin's ghost but do no damage.
Dreadwin's ghost is almost destroyed.
A rat comes into view.
Dreadwin's ghost hits you!
* * * LOW HITPOINT WARNING * * *
You barely miss dreadwin's ghost.
Dreadwin's ghost is almost destroyed.
Dreadwin's ghost hits you!
You die...

...)..# #...... ^......##
#...... ........# #......
........# #......
........# ###......
........# ..##.....
........# #.##.....
........### #.#..<..<
.......W@.# #.#......
..r.....#.## #........
........#..#######.......
........##)..).# #.......
.......#######.#####.....
#...... #....##.....
######. ####.###.### ##
#.###.# #.....#


You could see dreadwin's ghost and a rat.

Vanquished Creatures
  Natasha (thrice) (D:2)
  6 gnolls
  An adder (D:2)
  2 dart slugs
  3 leopard geckos
  2 ball pythons
  3 giant cockroaches (D:1)
  3 goblins (D:1)
  8 hobgoblins
  2 jackals (D:2)
  9 kobolds
  8 bats
  A frilled lizard (D:1)
  9 rats
60 creatures vanquished.

Notes
Turn   | Place    | Note
-------+----------+-------------------------------------------
     0 | D:1      | sscrono2 the Octopode Assassin began the quest for the Orb.
     0 | D:1      | Reached XP level 1. HP: 14/14 MP: 1/1
   185 | D:1      | Reached XP level 2. HP: 19/19 MP: 2/2
   386 | D:1      | Reached XP level 3. HP: 20/25 MP: 3/3
   586 | D:2      | Reached skill level 6 in Stealth
   619 | D:2      | Noticed Natasha
   625 | D:2      | Killed Natasha
   625 | D:2      | Reached XP level 4. HP: 30/30 MP: 4/4
  1300 | D:2      | Noticed Natasha
  1308 | D:2      | Killed Natasha
  1308 | D:2      | Reached XP level 5. HP: 30/36 MP: 5/5
  1391 | D:2      | Noticed Natasha
  1398 | D:2      | Killed Natasha
  1565 | D:3      | Reached skill level 7 in Stealth
  1744 | D:3      | Noticed dreadwin's ghost (amateur FoFi)
  1759 | D:3      | Mangled by dreadwin's ghost

Vault maps used:
D:1:      dpeg_arrival_tiny_a, minmay_tetromino_i2
D:2:      first_ration, uniq_natasha

Skill      XL: |  1  2  3  4  5 |
---------------+----------------+-----
Stealth        | 6 7 |  7.0
Fighting       | 3 |  3.6
Short Blades   | 3 |  3.7
Throwing       | |  2.0
Dodging        | |  1.0

Action                   |  1- 3 |  4- 6 || total
-------------------------+-------+-------++-------
Melee: Dagger            |    48 |    78 ||   126
       Constrict         |     7 |    16 ||    23
       Tentacles         |     4 |    15 ||    19
Evoke: Wand              |       |     9 ||     9
 Stab: Sleeping          |    14 |     8 ||    22
  Eat: Chunk             |       |     3 ||     3
Armor: Skin              |     7 |     6 ||    13
Dodge: Dodged            |    25 |    43 ||    68

Table legend:
 A = Spawn XP
 B = Non-spawn XP
 C = Spawn XP percentage of total XP
 D = Spawn monster count
 E = Non-spawn monster count
 F = Spawn count percentage of total count
 G = Total turns spent on level
                    A         B        C        D         E        F      G
               +---------+---------+-------+---------+---------+-------+---------
         Total |       0 |     291 |   0.0 |       0 |      60 |   0.0 |  1759
               +---------+---------+-------+---------+---------+-------+---------
           D:1 |       0 |      37 |   0.0 |       0 |      21 |   0.0 |   521
           D:2 |       0 |     198 |   0.0 |       0 |      29 |   0.0 |   913
           D:3 |       0 |      56 |   0.0 |       0 |      10 |   0.0 |   325
               +---------+---------+-------+---------+---------+-------+---------
